 Dungeon Crawl Stone Soup version 0.19-a0-1071-g4ed3155 (webtiles) character file.

122808 Kidiri the Eclecticist (level 16, 0/93 HPs)
             Began as a Deep Elf Fire Elementalist on Aug 5, 2016.
             Was the Champion of Vehumet.
             Killed by static electricity
             ... invoked by an insubstantial wisp
              (3 damage)
             ... on level 1 of the Swamp.
             The game lasted 02:31:47 (45353 turns).

Kidiri the Eclecticist (DEFE)                      Turns: 45353, Time: 02:31:48

Health: 0/93       AC: 13    Str: 17    XL:     16   Next: 35%
Magic:  28/44      EV: 16    Int: 29    God:    Vehumet [******]
Gold:   295        SH: 15    Dex: 13    Spells: 12 memorised, 1 level left

rFire  . . .     SeeInvis +     q - +4 falchion "Alex" {speed, rN+ Str+5 Int+4 Dex-2}
rCold  + . .     Gourm    .     h - +1 leather armour of Existentialism {rC+ MR+ rCorr Int+3}
rNeg   + + .     Faith    .     T - +3 shield
rPois  .         Spirit   .     l - +0 hat of the Comet {MR+}
rElec  +         Dismiss  +     R - +2 cloak of the Old World {Str+7 Int-2}
rCorr  +         Reflect  .     U - +0 pair of gloves of Hixowe {rElec rN+ Int-4}
SustAt .         Harm     .     (no boots)
MR     +++..     Clarity  +     d - amulet of dismissal
Stlth  ++........               b - +2 ring of protection
                                C - ring of magical power

@:
A: hooves 1, horns 1, large bone plates 1, see invisible, clarity, low mp 1,
screaming 1, subdued magic 1, MP-powered wands
a: Renounce Religion


You were on level 1 of the Swamp.
You worshipped Vehumet.
Vehumet was exalted by your worship.
You were not hungry.

You visited 5 branches of the dungeon, and saw 26 of its levels.
You also visited: Labyrinth.

You collected 2476 gold pieces.
You spent 2181 gold pieces at shops.

Inventory:

Hand Weapons
 q - the +4 falchion "Alex" (weapon) {speed, rN+ Str+5 Int+4 Dex-2}
   (You found it in a labyrinth)

   Attacks with this weapon are significantly faster.
   It affects your strength (+5).
   It affects your intelligence (+4).
   It affects your dexterity (-2).
   It protects you from negative energy.
Missiles
 A - 4 throwing nets (quivered)
Armour
 h - the +1 leather armour of Existentialism (worn) {rC+ MR+ rCorr Int+3}
   (You took it off a minotaur in a labyrinth)

   It affects your intelligence (+3).
   It protects you from cold.
   It affects your resistance to hostile enchantments.
   It protects you from acid and corrosion.
 l - the +0 hat of the Comet (worn) {MR+}
   (You bought it in a shop on level 2 of the Orcish Mines)

   It affects your resistance to hostile enchantments.
 R - the +2 cloak of the Old World (worn) {Str+7 Int-2}
   (You acquired it on level 6 of the Lair of Beasts)

   It affects your strength (+7).
   It affects your intelligence (-2).
 T - a +3 shield (worn)
 U - the +0 pair of gloves of Hixowe (worn) {rElec rN+ Int-4}
   (You bought it in a shop on level 14 of the Dungeon)

   It affects your intelligence (-4).
   It insulates you from electricity.
   It protects you from negative energy.
Jewellery
 b - a +2 ring of protection (right hand)
 d - an amulet of dismissal (around neck)
 C - a ring of magical power (left hand)
 M - an uncursed ring of fire
 P - an uncursed ring of positive energy
 S - an uncursed ring of wizardry
Wands
 e - a wand of slowing (6/48)
 f - a wand of digging (12/24)
 g - a wand of iceblast (7/15)
 m - a wand of confusion (18/48)
 o - a wand of acid (10/15)
 w - a wand of lightning (11/15)
 G - a wand of heal wounds (5/9)
 H - a wand of disintegration (13/24)
 L - a wand of flame (16/48)
 O - a wand of enslavement (9/24)
Scrolls
 n - 2 scrolls of amnesia
 r - 9 scrolls of remove curse
 u - 3 scrolls of magic mapping
 y - 3 scrolls of immolation
 D - 4 scrolls of teleportation
 F - a scroll of fear
 Q - 3 scrolls of silence
 X - 6 scrolls of fog
Potions
 a - a potion of cancellation
 j - 2 potions of magic
 p - a potion of resistance
 s - 3 potions of brilliance
 t - 2 potions of haste
 v - 3 potions of curing
 B - 3 potions of agility
 E - 3 potions of flight
 I - 3 potions of might
 J - 4 potions of lignification
 V - a potion of berserk rage
 W - a potion of invisibility
Books
 k - a book of Annihilations

   Spells                             Type                      Level
   a - Poison Arrow                   Conjuration/Poison           6
   b - Chain Lightning                Conjuration/Air              8
   c - Lehudib's Crystal Spear        Conjuration/Earth            8
   d - Glaciate                       Conjuration/Ice              9
   e - Fire Storm                     Conjuration/Fire             9
Comestibles
 c - 16 bread rations
 i - 9 meat rations


   Skills:
 + Level 8.1 Fighting
   Level 8.5 Short Blades
 + Level 7.6 Armour
 - Level 10.0 Dodging
 - Level 2.4 Stealth
 + Level 7.0 Shields
 * Level 16.9 Spellcasting
 + Level 10.6 Conjurations
 + Level 10.5 Fire Magic
   Level 6.8 Ice Magic
 + Level 8.2 Air Magic
 + Level 5.0 Earth Magic
 + Level 8.3 Evocations


You had one spell level left.
You knew the following spells:

 Your Spells              Type           Power        Failure   Level  Hunger
a - Flame Tongue          Conj/Fire      #####        1%          1    None
b - Throw Flame           Conj/Fire      ######       1%          2    None
c - Conjure Flame         Conj/Fire      ######..     1%          3    None
d - Inner Flame           Hex/Fire       #####...     1%          3    None
e - Sticky Flame          Conj/Fire      ######..     1%          4    None
f - Fireball              Conj/Fire      ######....   1%          5    None
g - Bolt of Fire          Conj/Fire      ######....   3%          6    ##.....
h - Ring of Flames        Chrm/Fire      #####.....   100%        7    #####..
i - Magic Dart            Conj           ####         1%          1    None
k - Deflect Missiles      Chrm/Air       #####.....   99%         6    ##.....
l - Passage of Golubria   Tloc           N/A          65%         4    None
m - Lee's Rapid Deconstr  Erth           #####.....   5%          5    None


Dungeon Overview and Level Annotations

Branches:
Dungeon (15/15)            Temple (1/1) D:5            Lair (6/6) D:9
  Swamp (2/4) Lair:2        Snake (0/4) Lair:3        Slime (0/5) Lair:6
    Orc (2/2) D:9             Elf (0/3) Orc:2        Vaults (0/5) D:13
 Depths (0/5) D:15

Altars:
Ashenzari
Cheibriados
Dithmenos
Elyvilon
Fedhas
Gozag
Hepliaklqana
Kikubaaqudgha
Makhleb
Nemelex Xobeh
Okawaru
Pakellas
Qazlal
Ru
Sif Muna
Trog
Uskayaw
Vehumet
Xom
Yredelemnul
Zin
The Shining One
Beogh
Jiyva

Shops:
D:4 %   D:14 ***   Orc:2 [=(*[

Portals:
Hell: Lair:6


Innate Abilities, Weirdness & Mutations

You have large cloven feet.
You have a pair of small horns on your head.
You are partially covered in large bone plates. (AC +2, SH +2)
You have supernaturally acute eyesight. (SInv)
You possess an exceptional clarity of mind.
Your magical capacity is low. (-10% MP)
You occasionally shout uncontrollably at your foes.
Your spells are a little easier to cast, but a little less powerful.
You expend magic power (3 MP) to strengthen your wands.


Message History

The lightning grounds out.
The swamp dragon is struck by lightning.
The swamp dragon dies!
The lightning arcs!
You climb upwards.
* * * LOW HITPOINT WARNING * * *
You feel very sick.
There is a stone staircase leading down here.
Unknown command.
Unknown command.
You feel better. The swamp worm bites you!
* * * LOW HITPOINT WARNING * * *
The insubstantial wisp closely misses you.
The insubstantial wisp thrums sharply.
The swamp worm is struck by lightning.
The lightning arcs!
You are struck by lightning.
You resist.
* * * LOW HITPOINT WARNING * * *
The lightning arcs!
The swamp worm is struck by lightning.
The lightning grounds out.
You are struck by lightning.
You resist.
You die...

≈≈≈.≈♣ ♣♣≈≈..♣
.♣≈≈≈♣ ♣≈≈≈≈♣♣
....≈♣ ♣♣≈≈..♣
.♣♣♣≈♣ ♣♣≈...♣♣ .♣
♣.♣ ♣♣♣.≈.≈.♣ .♣
♣.♣ ♣♣...♣.≈♣♣ .♣
♣.♣♣ ♣♣♣..≈≈≈.(♣ .♣
♣≈≈♣♣♣♣♣♣...vvw.♣♣♣
.♣
♣≈≈.≈.....≈≈.@v♣♣
≈♣♣♣≈≈≈♣≈≈≈...≈♣♣♣♣
§..≈≈......≈♣♣♣♣
≈♣♣♣♣♣♣♣♣♣♣♣♣ ♣♣


You could see a swamp worm and 3 insubstantial wisps.

Vanquished Creatures
  A thorn hunter (Swamp:2)
  3 orc warlords
  2 dire elephants (Lair:6)
  Snorg (Lair:6)
  A minotaur (Lab)
  Josephine (Lair:5)
  14 hydras
  A vault guard (D:13)
  A rakshasa (D:14)
  Erica (D:8)
  2 centaur warriors
  A catoblepas (D:14)
  4 alligators (Swamp:1)
  A death knight (D:13)
  10 death yaks
  Urug (D:10)
  An ogre mage (D:15)
  An orc high priest (Orc:2)
  A sun demon (Lair:6)
  Nergalle (Orc:2)
  2 spriggans (Swamp:1)
  A giant orange brain (D:15)
  4 unseen horrors
  2 wizards
  A lindwurm (Lair:5)
  3 shambling mangroves (Swamp:1)
  9 hill giants
  Pikel (D:7)
  A phantasmal warrior (D:13)
  2 deep elf magi
  2 ugly things
  7 orc knights
  7 orc sorcerers
  A shining eye (shapeshifter) (D:15)
  4 griffons
  A cyclops (D:12)
  A sixfirhy (Lair:6)
  3 manticores
  A black mamba (shapeshifter) (D:15)
  An octopode (shapeshifter) (D:15)
  12 elephants
  2 orange demons (Lair:6)
  A guardian serpent (Lair:3)
  6 black mambas
  18 spiny frogs
  A torpor snail (Lair:3)
  A gargoyle (D:14)
  10 komodo dragons
  4 kobold demonologists (D:14)
  3 rime drakes
  4 ice devils (Lair:6)
  A red devil (Lair:6)
  3 meliai (D:14)
  A giant leech (Swamp:1)
  10 slime creatures
  2 polar bears (Lair:5)
  A wolf spider simulacrum (D:15)
  9 trolls
  2 two-headed ogres
  20 blink frogs
  A boulder beetle (Lair:4)
  A bog body (Swamp:1)
  A centaur simulacrum (D:14)
  2 shadows
  6 wraiths
  3 vampires
  2 basilisks
  A steam dragon (D:12)
  28 yaks
  3 wyverns
  2 yaks (shapeshifter) (D:15)
  8 hippogriffs
  6 hungry ghosts
  Menkaure (D:7)
  2 mottled dragons
  10 vampire mosquitoes
  3 wargs
  11 insubstantial wisps
  A naga (Lair:3)
  4 swamp worms (Swamp:1)
  10 water moccasins
  12 porcupines
  3 swamp drakes
  A sky beast (D:10)
  4 slaves (D:7)
  5 wasps (Swamp:1)
  4 black bears
  2 necrophages
  38 orc warriors
  4 ice beasts
  28 wolves
  24 ogres
  4 phantoms
  16 centaurs
  3 big kobolds
  19 crocodiles
  23 giant frogs
  A wyvern zombie (D:12)
  6 scorpions
  18 killer bees
  5 jellies
  3 howler monkeys
  9 wights
  2 electric eels
  8 crimson imps
  2 giant frog zombies
  4 centaur zombies
  Crazy Yiuf (D:7)
  13 hounds
  18 orc priests
  4 centaur skeletons
  11 iguanas
  Jessica (D:2)
  2 giant frog skeletons
  25 orc wizards
  14 worker ants
  18 sheep
  4 hound skeletons
  5 gnolls
  10 adders
  A howler monkey skeleton (D:4)
  84 river rats
  2 shadow imps
  An ooze (D:3)
  3 adder skeletons
  7 worms
  3 dart slugs
  10 giant geckos
  103 orcs
  4 giant cockroaches
  12 goblins
  10 hobgoblins
  12 jackals
  4 quokkas
  A ball python (D:1)
  A ball python zombie (D:5)
  13 bats
  A giant gecko zombie (D:6)
  7 giant newts
  A jackal zombie (D:5)
  24 kobolds
  2 quokka skeletons
  14 rats
  A plant (Lair:5)
1015 creatures vanquished.

Vanquished Creatures (others)
  A swamp dragon (Swamp:2)
  A wolf (Lair:5)
  A river rat (Lair:5)
  An orc (Orc:2)
  20 fungi
  7 plants
31 creatures vanquished.

Grand Total: 1046 creatures vanquished

Notes
Turn   | Place    | Note
-------+----------+-------------------------------------------
     0 | D:1      | Kidiri the Deep Elf Fire Elementalist began the quest for the Orb.
     0 | D:1      | Reached XP level 1. HP: 10/10 MP: 6/6
   379 | D:1      | Reached XP level 2. HP: 15/15 MP: 6/8
   383 | D:1      | Learned a level 2 spell: Throw Flame
   820 | D:1      | Reached skill level 4 in Spellcasting
   820 | D:1      | Reached XP level 3. HP: 19/19 MP: 2/10
   825 | D:1      | Learned a level 3 spell: Conjure Flame
   829 | D:1      | Learned a level 3 spell: Inner Flame
  1611 | D:2      | Noticed Jessica
  1615 | D:2      | Killed Jessica
  1615 | D:2      | Reached skill level 5 in Spellcasting
  1615 | D:2      | Reached XP level 4. HP: 24/24 MP: 8/13
  1621 | D:2      | Learned a level 4 spell: Sticky Flame
  1880 | D:2      | Found a faded altar of an unknown god.
  2203 | D:3      | Reached XP level 5. HP: 28/28 MP: 9/15
  2364 | D:3      | Reached skill level 6 in Spellcasting
  2430 | D:3      | Found a glowing golden altar of the Shining One.
  2977 | D:3      | Found a hazy altar of Hepliaklqana.
  3121 | D:3      | Reached XP level 6. HP: 25/32 MP: 8/17
  3128 | D:3      | Learned a level 5 spell: Fireball
  3253 | D:3      | Reached skill level 7 in Spellcasting
  3721 | D:4      | Found Seshufau's Food Shop.
  4549 | D:5      | Entered Level 5 of the Dungeon
  4798 | D:5      | Gained mutation: You are robust. (+10% HP) [potion of mutation]
  4798 | D:5      | Gained mutation: You possess an exceptional clarity of mind. [potion of mutation]
  4798 | D:5      | Gained mutation: You are partially covered in large bone plates. (AC +2, SH +2) [potion of mutation]
  4834 | D:5      | Found a staircase to the Ecumenical Temple.
  4844 | Temple   | Entered the Ecumenical Temple
  4848 | Temple   | Became a worshipper of Vehumet
  4924 | D:5      | Reached skill level 1 in Short Blades
  4924 | D:5      | Reached XP level 7. HP: 40/40 MP: 20/20
  5011 | D:5      | Found a bloodstained altar of Trog.
  5092 | D:5      | Found a basalt altar of Yredelemnul.
  5093 | D:5      | Found a blossoming altar of Fedhas.
  5093 | D:5      | Found a glowing silver altar of Zin.
  5205 | D:5      | Reached skill level 1 in Armour
  5205 | D:5      | Reached skill level 1 in Shields
  5503 | D:5      | Reached skill level 1 in Fighting
  5521 | D:6      | Reached skill level 8 in Spellcasting
  5985 | D:6      | Reached XP level 8. HP: 45/47 MP: 22/22
  6569 | D:6      | Reached skill level 5 in Fire Magic
  6855 | D:6      | Reached * piety under Vehumet
  6855 | D:6      | Offered knowledge of Magic Dart by Vehumet.
  7040 | D:6      | Learned a level 1 spell: Magic Dart
  7184 | D:6      | Found a bloodstained altar of Trog.
  7598 | D:6      | Found a stormy altar of Qazlal.
  7605 | D:6      | Reached skill level 9 in Spellcasting
  8168 | D:7      | Found a hide-covered altar of Uskayaw.
  8196 | D:7      | Reached XP level 9. HP: 34/53 MP: 24/24
  8558 | D:7      | Noticed Menkaure
  8561 | D:7      | Killed Menkaure
  8561 | D:7      | Reached skill level 5 in Conjurations
  8566 | D:7      | Offered knowledge of Shock by Vehumet.
  8566 | D:7      | Reached skill level 5 in Dodging
  8569 | D:7      | Learned a level 1 spell: Shock
  8608 | D:7      | Found a burning altar of Makhleb.
  8644 | D:7      | Reached ** piety under Vehumet
  8759 | D:7      | Found a runed door.
  8763 | D:7      | Noticed Crazy Yiuf
  8767 | D:7      | Killed Crazy Yiuf
  8939 | D:7      | Noticed Pikel
  9063 | D:7      | Killed Pikel
  9063 | D:7      | Reached skill level 1 in Air Magic
  9331 | D:8      | Noticed Erica
  9346 | D:8      | Reached skill level 10 in Spellcasting
  9353 | D:8      | Killed Erica
  9677 | D:8      | Found a sacrificial altar of Ru.
  9771 | D:8      | Reached XP level 10. HP: 61/61 MP: 26/26
  9892 | D:8      | Offered knowledge of Throw Frost by Vehumet.
 10577 | D:9      | Learned a level 2 spell: Throw Frost
 10665 | D:9      | Reached *** piety under Vehumet
 10704 | D:9      | Found a staircase to the Orcish Mines.
 10762 | D:9      | Offered knowledge of Throw Icicle by Vehumet.
 11143 | D:9      | Found a staircase to the Lair.
 11164 | D:9      | Reached **** piety under Vehumet
 11229 | D:9      | Offered knowledge of Olgreb's Toxic Radiance by Vehumet.
 11235 | D:9      | Learned a level 4 spell: Olgreb's Toxic Radiance
 11235 | D:9      | Reached skill level 11 in Spellcasting
 11889 | D:9      | Found an iron altar of Okawaru.
 12354 | Lair:1   | Entered Level 1 of the Lair of Beasts
 12447 | Lair:1   | Noticed a spiny frog
 12456 | Lair:1   | Killed a spiny frog
 12475 | Lair:1   | Found a labyrinth entrance.
 12488 | Lab      | Entered a labyrinth
 13210 | Lab      | Noticed a minotaur
 13220 | Lab      | Reached skill level 5 in Short Blades
 13231 | Lab      | Killed a minotaur
 13231 | Lab      | Reached XP level 11. HP: 67/67 MP: 17/28
 13234 | Lab      | Got a tiger eye-studded leather armour
 13266 | Lab      | Got a smoking falchion
 13274 | Lair:1   | Identified the +4 falchion "Alex" {speed, rN+ Str+5 Int+4 Dex-2} (You found it in a labyrinth)
 13288 | Lair:1   | Identified the +1 leather armour of Existentialism {rC+ MR+ rCorr Int+3} (You took it off a minotaur in a labyrinth)
 13393 | Lair:1   | Learned a level 6 spell: Deflect Missiles
 13808 | Lair:1   | Reached skill level 12 in Spellcasting
 13808 | Lair:1   | Reached skill level 1 in Ice Magic
 13808 | Lair:1   | Reached skill level 1 in Evocations
 14418 | Lair:1   | Reached ***** piety under Vehumet
 14601 | Lair:2   | Offered knowledge of Fulminant Prism by Vehumet.
 15884 | Lair:2   | Noticed a death yak
 15884 | Lair:2   | Noticed a death yak
 15884 | Lair:2   | Noticed a death yak
 15884 | Lair:2   | Noticed a death yak
 15886 | Lair:2   | Noticed a death yak
 15890 | Lair:2   | Killed a death yak
 16245 | Lair:2   | Killed a death yak
 16245 | Lair:2   | Reached skill level 5 in Armour
 16274 | Lair:2   | Killed a death yak
 16382 | Lair:2   | Found a staircase to the Swamp.
 17273 | Lair:2   | Killed a death yak
 17273 | Lair:2   | Reached XP level 12. HP: 62/74 MP: 29/30
 17393 | Lair:2   | Killed a death yak
 17393 | Lair:2   | Reached skill level 5 in Fighting
 18298 | Lair:3   | Learned a level 4 spell: Passage of Golubria
 19056 | Lair:3   | Reached skill level 13 in Spellcasting
 19096 | Lair:3   | Got a dazzling whip
 19097 | Lair:3   | Identified the cursed +1 whip of Inference {flame, Stlth+} (You found it on level 3 of the Lair of Beasts)
 19310 | Lair:3   | Found a staircase to the Snake Pit.
 19483 | Lair:3   | Reached skill level 5 in Air Magic
 19601 | Lair:3   | Gained mutation: Your mind is acute. (Int +2) [mutagenic meat]
 19647 | Lair:3   | Offered knowledge of Poisonous Cloud by Vehumet.
 20243 | Lair:4   | Noticed a four-headed hydra
 20781 | Lair:4   | Gained mutation: You are partially covered in iridescent scales. (AC +2) [potion of mutation]
 20781 | Lair:4   | Lost mutation: Your mind is acute. (Int +2) [potion of mutation]
 20782 | Lair:4   | Gained mutation: You are clumsy. (Dex -2) [potion of mutation]
 20782 | Lair:4   | Gained mutation: Your muscles are strong. (Str +2) [potion of mutation]
 21184 | Lair:4   | Killed a four-headed hydra
 21845 | Lair:5   | Reached skill level 5 in Shields
 21861 | Lair:5   | Noticed Josephine
 21864 | Lair:5   | Killed Josephine
 21864 | Lair:5   | Reached XP level 13. HP: 71/80 MP: 24/32
 22074 | Lair:5   | Reached skill level 5 in Evocations
 24068 | Lair:5   | Offered knowledge of Irradiate by Vehumet.
 24071 | Lair:5   | Reached skill level 14 in Spellcasting
 24468 | Lair:6   | Entered Level 6 of the Lair of Beasts
 25071 | Lair:6   | Noticed Snorg
 25080 | Lair:6   | Reached skill level 5 in Ice Magic
 25467 | Lair:6   | Identified a scroll of acquirement
 25468 | Lair:6   | Got a bloodstained cloak
 25479 | Lair:6   | Identified the +2 cloak of the Old World {Str+7 Int-2} (You acquired it on level 6 of the Lair of Beasts)
 25490 | Lair:6   | Found a staircase to the Slime Pits.
 25490 | Lair:6   | Found a viscous altar of Jiyva.
 25728 | Lair:6   | Killed Snorg
 25735 | Lair:6   | Noticed a dire elephant
 25752 | Lair:6   | Killed a dire elephant
 25752 | Lair:6   | Reached XP level 14. HP: 66/88 MP: 13/34
 25901 | Lair:6   | Learned a level 5 spell: Lee's Rapid Deconstruction
 26460 | Lair:6   | Reached skill level 1 in Earth Magic
 27780 | Lair:6   | Found a burning altar of Makhleb.
 28081 | Lair:6   | HP: 3/88 [ice devil (12)]
 28495 | Lair:6   | Found a gateway to Hell.
 28571 | Lair:6   | Reached skill level 15 in Spellcasting
 28803 | D:9      | Gained mutation: You have a pair of small horns on your head. [potion of beneficial mutation]
 28829 | Orc:1    | Entered Level 1 of the Orcish Mines
 29820 | Orc:1    | Offered knowledge of Freezing Cloud by Vehumet.
 30436 | Orc:2    | Entered Level 2 of the Orcish Mines
 30452 | Orc:2    | Noticed an orc warlord
 30468 | Orc:1    | Killed an orc warlord
 30885 | Orc:2    | Found Jepecwea's Armour Boutique.
 31922 | Orc:2    | Noticed an orc warlord
 32142 | Orc:2    | Found a staircase to the Elven Halls.
 32304 | Orc:2    | Killed an orc warlord
 32412 | Orc:2    | Found a roughly hewn altar of Beogh.
 32418 | Orc:2    | Noticed Nergalle
 32429 | Orc:2    | Killed Nergalle
 32429 | Orc:2    | Reached XP level 15. HP: 45/93 MP: 19/36
 32481 | Orc:2    | Found Buqous's General Store.
 32724 | Orc:2    | Found Woqa's Jewellery Boutique.
 32850 | Orc:2    | Found Sun Wuriesud's Antique Armour Boutique.
 32856 | Orc:2    | Bought a translucent hat for 270 gold pieces
 32861 | Orc:2    | Identified the cursed +0 hat of the Comet {MR+} (You bought it in a shop on level 2 of the Orcish Mines)
 32871 | Orc:2    | Noticed an orc warlord
 32898 | Orc:2    | Killed an orc warlord
 33349 | Orc:2    | Found Sucekaum's Antique Weapon Boutique.
 33560 | D:10     | Entered Level 10 of the Dungeon
 33757 | D:10     | Reached ****** piety under Vehumet
 34194 | D:10     | Noticed Urug
 34213 | D:10     | Killed Urug
 34572 | D:10     | Gained mutation: You have supernaturally acute eyesight. (SInv) [mutagenic meat]
 34594 | D:10     | Found a shattered altar of Ashenzari.
 35180 | D:11     | Offered knowledge of Poison Arrow by Vehumet.
 35428 | D:11     | Reached skill level 10 in Dodging
 35569 | D:11     | Got a spiked leather armour
 35580 | D:11     | Identified the +1 leather armour of Inaction {rElec MR+ Str+4} (You found it on level 11 of the Dungeon)
 37560 | D:12     | Reached skill level 10 in Fire Magic
 37728 | D:12     | Lost mutation: You are clumsy. (Dex -2) [mutagenic meat]
 38596 | D:13     | Reached skill level 10 in Conjurations
 38877 | D:13     | Offered knowledge of Bolt of Fire by Vehumet.
 39196 | D:13     | Learned a level 6 spell: Bolt of Fire
 39432 | D:13     | Found a gate to the Vaults.
 39849 | D:14     | Found a blossoming altar of Fedhas.
 39854 | D:14     | Reached skill level 16 in Spellcasting
 40433 | D:14     | Lost mutation: You are partially covered in iridescent scales. (AC +2) [potion of mutation]
 40433 | D:14     | Lost mutation: Your muscles are strong. (Str +2) [potion of mutation]
 40742 | D:14     | Offered knowledge of Bolt of Cold by Vehumet.
 40906 | D:14     | Found Simai's Assorted Antiques.
 40914 | D:14     | Bought a pair of encrusted gloves for 323 gold pieces
 40914 | D:14     | Bought a papyrus book for 510 gold pieces
 40914 | D:14     | Bought a spiked leather armour for 238 gold pieces
 40919 | D:14     | Identified the +0 pair of gloves of Hixowe {rElec rN+ Int-4} (You bought it in a shop on level 14 of the Dungeon)
 40929 | D:14     | Identified the cursed +1 leather armour of the Good {rF++ Stlth-} (You bought it in a shop on level 14 of the Dungeon)
 40997 | D:14     | Found Roamaog's Assorted Antiques.
 41005 | D:14     | Bought a leatherbound book for 525 gold pieces
 41005 | D:14     | Bought a scroll of identify for 70 gold pieces
 41005 | D:14     | Bought a scroll of identify for 70 gold pieces
 41005 | D:14     | Bought a large citrine amulet for 175 gold pieces
 41403 | D:14     | Found Kadeos's Assorted Antiques.
 41583 | D:15     | Entered Level 15 of the Dungeon
 41779 | D:15     | Found a glowing silver altar of Zin.
 42203 | D:15     | Reached XP level 16. HP: 101/101 MP: 28/38
 42430 | D:15     | Gained mutation: Your spells are a little easier to cast, but a little less powerful. [a shining eye]
 42431 | D:15     | Gained mutation: You expend magic power (3 MP) to strengthen your wands. [a shining eye]
 42581 | D:15     | Gained mutation: Your magical capacity is low. (-10% MP) [mutagenic meat]
 42593 | D:15     | Gained mutation: You have large cloven feet. [mutagenic meat]
 42602 | D:15     | Lost mutation: You are robust. (+10% HP) [mutagenic meat]
 42863 | D:15     | Found a staircase to the Depths.
 42869 | D:15     | Gained mutation: You occasionally shout uncontrollably at your foes. [mutagenic meat]
 43073 | D:15     | Learned a level 7 spell: Ring of Flames
 43521 | Swamp:1  | Entered Level 1 of the Swamp
 45185 | Swamp:2  | Noticed a thorn hunter
 45188 | Swamp:2  | Killed a thorn hunter
 45188 | Swamp:2  | Reached skill level 5 in Earth Magic
 45353 | Swamp:1  | HP: 4/93 [swamp worm (13)]
 45353 | Swamp:1  | Killed from afar by an insubstantial wisp

Vault maps used:
D:1:      minmay_arrival_five_plusses, hangedman_decor_lopped,
          minmay_pentomino_r4
D:2:      ecumenical_altar_1, uniq_jessica
D:3:      lemuel_doored_altar, lemuel_coloured_pillars_altar,
          corexii_leaking_fountain
D:4:      first_bread, serial_shops, shop, roderic_digamma_sauvastika
D:5:      kennysheep_little_box, minitemple, corexii_checkpoint_a
D:6:      lemuel_round_altar, trog_hazing_becter
D:7:      overflow_temple_1_default, basic_altar, uniq_menkaure,
          uniq_crazy_yiuf_cottage, uniq_pikel
D:8:      hangedman_ru_absence, uniq_erica
D:9:      okawaru_altar_gauntlet_db, grunt_lair_entry_orc_guard_hut,
          hiddenorc2_lemuel, grunt_ogre_cave
D:10:     ashenzari_altar_1, uniq_urug
D:11:     grunt_ministairs_15, serial_park_tiny_1
D:12:     st_stairs_13, interstate_on_off
D:13:     david_vaults_4
D:14:     minmay_misc_feat_cross, serial_shops, shop_fountains,
          kennysheep_mini_moat, shop, fedhas_altar_1
D:15:     gammafunk_enter_depths_forms, old_standard_altar
Temple:   nicolae_temple_x_marks_the_god
Lair:1:   beast_lair_carwin_large_1, lab_entry_generic, st_stairs_6,
          grunt_forest_small_clearing_treed, grunt_megastairs_3
Lair:2:   minmay_swamp_entry_wisps, serial_bayou_shore_b, lemuel_fruit_tree
Lair:3:   minmay_snake_entry_spellcaster, serial_bayou_pond_b,
          grunt_megastairs_5
Lair:4:   minivault_11
Lair:5:   gammafunk_lair_bear_cave, pond, uniq_josephine
Lair:6:   evil_forest, slime_altar_1, lemuel_fruit_fields, uniq_snorg
Swamp:1:  evilmike_swamp_ruin_house_6, swamp_pool2
Swamp:2:  nicolae_swamp_trees_clearing
Orc:1:    statue_in_the_mist_lemuel
Orc:2:    grunt_orc_cross, serial_shops, shop
Lab:      labyrinth_green, nicolae_lab_lava, labyrinth_lava_lair, lab_block

Skill      XL: |  1  2  3  4  5  6  7  8  9 10 11 12 13 14 15 16 |
---------------+-------------------------------------------------+-----
Spellcasting   | 4 5 6 7 8 9 10 11 12 13 14 15 16 | 16.9
Conjurations   | 2 3 4 5 6 7 8 9 10 | 10.6
Fire Magic     | 4 5 6 7 8 9 10 | 10.5
Short Blades   | 1 3 4 5 6 7 8 |  8.5
Armour         | 1 2 3 4 5 6 7 |  7.6
Shields        | 1 2 3 4 5 6 7 |  7.0
Fighting       | 1 2 3 4 5 6 7 8 |  8.1
Dodging        | 3 4 5 6 7 8 9 10 | 10.0
Air Magic      | 2 3 4 5 6 7 8 |  8.2
Ice Magic      | 3 4 5 6 |  6.8
Evocations     | 2 4 6 7 8 |  8.3
Earth Magic    | 2 4 5 |  5.0
Stealth        | |  2.4

Action                   |  1- 3 |  4- 6 |  7- 9 | 10-12 | 13-15 | 16-18 || total
-------------------------+-------+-------+-------+-------+-------+-------++-------
Melee: Unarmed           |     1 |       |       |       |       |       ||     1
       Dagger            |    18 |    19 |   276 |    53 |       |       ||   366
       Falchion          |       |       |       |   474 |   680 |    43 ||  1197
       Headbutt          |       |       |       |       |    98 |     7 ||   105
       Kick              |       |       |       |       |       |     5 ||     5
 Cast: Flame Tongue      |    48 |    85 |   125 |   464 |   596 |    23 ||  1341
       Throw Flame       |    15 |    40 |    26 |    73 |    64 |       ||   218
       Sticky Flame      |       |     4 |    18 |    94 |   160 |     2 ||   278
       Inner Flame       |       |     1 |     7 |     6 |     2 |       ||    16
       Conjure Flame     |       |     1 |     6 |    19 |    10 |     1 ||    37
       Magic Dart        |       |       |    12 |    52 |    10 |       ||    74
       Fireball          |       |       |     3 |     5 |    56 |     4 ||    68
       Shock             |       |       |     1 |     1 |    19 |       ||    21
       Olgreb's Toxic Ra |       |       |       |     9 |    74 |       ||    83
       Throw Frost       |       |       |       |       |    23 |       ||    23
       Lee's Rapid Decon |       |       |       |       |     1 |       ||     1
       Bolt of Fire      |       |       |       |       |    46 |    75 ||   121
Evoke: Wand              |       |       |       |     2 |       |       ||     2
  Use: Scroll            |       |    19 |     5 |    13 |    22 |     3 ||    62
       Potion            |       |     1 |     1 |     3 |    10 |     1 ||    16
 Stab: Sleeping          |     1 |     3 |     3 |     5 |     2 |       ||    14
  Eat: Chunk             |     2 |    11 |    13 |    25 |    48 |    13 ||   112
       Beef jerky        |       |       |     2 |     7 |     3 |     1 ||    13
       Pizza             |       |       |     1 |     2 |       |     1 ||     4
       Meat ration       |       |       |     1 |       |     1 |     1 ||     3
       Fruit             |       |       |       |     3 |    17 |     2 ||    22
       Royal jelly       |       |       |       |       |     2 |     1 ||     3
Armor: Robe              |    21 |    19 |    82 |    58 |       |       ||   180
       Leather armour    |       |       |       |   132 |   267 |     9 ||   408
Dodge: Dodged            |    63 |    49 |   170 |   461 |   593 |    28 ||  1364
Block: Other             |       |       |    12 |    52 |    43 |       ||   107
       Shield            |       |       |       |       |   239 |    41 ||   280
